Match 42985672
Unlisted

Match 42985672
End
Construct Barracks
Selects Airborne Battlegroup
Selects Airborne Battlegroup
Selects Heavy Machine Gun Paradrop
Heavy Machine Gun Paradrop
Riflemen Squad
Riflemen Squad
Grenade Package
Infantry Support Center
Selects Paratrooper Squad Paradrop
Paratrooper Squad Paradrop
M1918 Browning Automatic Rifles
Construct Motor Pool
Selects Anti-tank Gun Team Paradrop
M8 Greyhound Armored Car
Anti-tank Gun Team Paradrop
tubagznyven
Marteen Sultans presidente
Bengek323
Ozrealix
LIKE
一剑一江湖
PapaFade
TrumpSaveAmerica
0
0

Comments sign in to comment!

No comments posted yet!